 Dungeon Crawl Stone Soup version 0.26.0-11-g8f856b5395 (webtiles) character file.

Game seed: 16633755446938651030

14 Acheron the Skirmisher (level 2, -1/24 HPs)
             Began as a Demonspawn Abyssal Knight on Jan 15, 2021.
             Was a Follower of Lugonu.
             Slain by an adder (3 damage)
             ... on level 2 of the Dungeon.
             The game lasted 00:01:18 (397 turns).

Acheron the Skirmisher (Demonspawn Abyssal Knight)   Turns: 397, Time: 00:01:19

Health: -1/24      AC:  3    Str: 12    XL:     2   Next: 27%
Magic:  4/4        EV: 11    Int: 13    God:    Lugonu [*.....]
Gold:   40         SH:  4    Dex: 12    Spells: 1/1 levels left

rFire    . . .     SeeInvis .   a - +1 hand axe
rCold    . . .     Faith    .   (no shield)
rNeg     . . .     Spirit   .   b - +0 leather armour
rPois    .         Reflect  .   (no helmet)
rElec    .         Harm     .   (no cloak)
rCorr    .         Rampage  .   (no gloves)
Will     .....                  (no boots)
Stlth    +.........             (no amulet)
HPRegen  0.08/turn              (no ring)
MPRegen  0.09/turn              (no ring)

@: lethally poisoned (-1 -> -18)
A: large bone plates 1
a: Renounce Religion, Depart the Abyss


You were on level 2 of the Dungeon.
You worshipped Lugonu.
Lugonu was aware of your devotion.
You visited 1 branch of the dungeon, and saw 3 of its levels.
You visited the Abyss 1 time.

You collected 40 gold pieces.

Inventory:

Hand Weapons
 a - a +1 hand axe (weapon)
Missiles
 d - 20 stones
Armour
 b - a +0 leather armour (worn)
Scrolls
 f - a scroll of random uselessness {unknown}
 g - 3 scrolls of identify {unknown}
Potions
 c - a potion of flight {unknown}
 e - a potion of brilliance {unknown}


   Skills:
 + Level 3.3 Fighting
 + Level 1.9 Axes
 + Level 1.8 Armour
 * Level 1.1 Dodging
 * Level 0.4 Stealth
 * Level 2.6 Invocations


You had one spell level left.
You didn't know any spells.
Your spell library was empty.

Dungeon Overview and Level Annotations

Branches:
Dungeon (3/15)

Altars:
Qazlal


Innate Abilities, Weirdness & Mutations

You are partially covered in large bone plates. (SH +4)


Message History

You closely miss the adder.
The adder is almost dead.
* * * LOW HITPOINT WARNING * * *
You feel sick. The adder bites you but does no damage. The adder misses you.
You hit the adder but do no damage.
The adder is almost dead.
* * * LOW HITPOINT WARNING * * *
You feel sick. The adder bites you.
* * * LOW HITPOINT WARNING * * *
You are more poisoned.
The adder poisons you!
You miss the adder.
The adder is almost dead.
* * * LOW HITPOINT WARNING * * *
You feel sick. The adder barely misses you. x2
You barely miss the adder.
The adder is almost dead.
* * * LOW HITPOINT WARNING * * *
You feel sick. The adder bites you.
You die...

#........# #........#
#.......# #...รท...#
#.......# #....<..#
#.......#
####.#######.......####
......S@...............
####.#######.......###
#.#>..#.# #.##..#.#
#.###.#.# #.###.#.#
####### #.......#
#.....########.#######
#.....##..............


You could see an adder.

Vanquished Creatures
  2 leopard geckos
  A giant cockroach (D:3)
  4 jackals (D:2)
  A bat (D:2)
  2 frilled lizards
  A rat (D:2)
11 creatures vanquished.

Notes
Turn   | Place    | Note
-------+----------+-------------------------------------------
     0 | Abyss:1  | Acheron the Demonspawn Abyssal Knight began the quest for
                  | the Orb.
     0 | Abyss:1  | Reached XP level 1. HP: 18/18 MP: 2/2
     7 | D:1      | Escaped the Abyss
   108 | D:3      | Reached skill level 1 in Dodging
   108 | D:3      | Noticed a fire elemental
   112 | D:3      | Found a stormy altar of Qazlal.
   112 | D:3      | Noticed an air elemental
   115 | D:3      | Noticed an earth elemental
   115 | D:3      | Noticed a water elemental
   291 | D:2      | Gained mutation: You are partially covered in large bone
                  | plates. (SH +4) [demonic ancestry]
   291 | D:2      | Reached XP level 2. HP: 18/24 MP: 3/3
   397 | D:2      | Slain by an adder

Illustrated notes

Levels and vault maps discovered:
D:1:      lightli_arrival_boilingwater, layout_rooms, nrook_mini_backslash,
          minmay_cut_off
D:2:      minmay_door_path, layout_loops_cross,
          chequers_ecumenical_altar_simple, uniq_natasha
D:3:      layout_basic, nicolae_qazlal_style_of_elements, uniq_robin,
          uniq_terence

Skill      XL: |  1 |
---------------+----+-----
Dodging        | 1 |  1.1
Fighting       | |  3.3
Axes           | |  1.9
Armour         | |  1.8
Stealth        | |  0.4
Invocations    | |  2.6

Action                   || total
-------------------------++-------
Melee: Hand axe          ||    30
Armor: Leather armour    ||     9
Dodge: Dodged            ||    27
Block: Other             ||     2
